 Dungeon Crawl Stone Soup version 0.31-a0-233-g139696dc86 (webtiles) character file.

Game seed: 3445280037373328728

76 qw the Shooter (level 4, -6/36 HPs)
             Began as a Minotaur Hexslinger on July 7, 2023.
             Killed from afar by an orc wizard (8 damage)
             ... with a puff of flame
             ... on level 3 of the Dungeon.
             The game lasted 00:00:30 (992 turns).

qw the Shooter (Minotaur Hexslinger)                 Turns: 992, Time: 00:00:30

Health: -6/36      AC:  5    Str: 13    XL:     4   Next: 12%
Magic:  4/4        EV: 11    Int: 10    God:
Gold:   67         SH:  0    Dex: 14    Spells: 4/5 levels left

rFire   . . .        Y - +1 sling
rCold   . . .        (no shield)
rNeg    . . .        h - +0 ring mail
rPois   .            (helmet restricted)
rElec   .            (no cloak)
rCorr   .            (no gloves)
SInv    +            (no boots)
Will    .....        (no amulet)
Stlth   +            d - ring of see invisible
HPRegen 0.26/turn    (no ring)
MPRegen 0.09/turn

%: no passive effects
@: no status effects
A: horns 2, retaliatory headbutt
a: no special abilities


You were on level 3 of the Dungeon.
You visited 1 branch of the dungeon, and saw 3 of its levels.

You collected 67 gold pieces.


Innate Abilities, Weirdness & Mutations

You have a pair of horns on your head.
You reflexively headbutt those who attack you in melee.


   Skills:
 - Level 2.0 Fighting
 + Level 4.5 Ranged Weapons
 - Level 1.0 Armour
 - Level 2.1 Dodging
 - Level 1.0 Spellcasting
 - Level 2.0 Hexes


You had 4 spell levels left.
You knew the following spells:

 Your Spells              Type           Power      Damage    Failure   Level
a - Slow                  Hex            16%        N/A       32%         1

Your spell library contained the following spells:

 Spells                   Type           Power      Damage    Failure   Level
 Inner Flame              Hex/Fire       2%         N/A       82%         3
 Portal Projectile        Hex/Tloc       4%         N/A       82%         3
 Cause Fear               Hex            2%         N/A       97%         4

Inventory:

Hand Weapons
 Y - a +1 sling (weapon)
Armour
 h - a +0 ring mail (worn)
Jewellery
 d - a ring of see invisible (left hand)
Potions
 a - a potion of enlightenment {unknown}
 b - a potion of might
 c - a potion of degeneration {unknown}
 e - 3 potions of curing
 i - a potion of cancellation

Dungeon Overview and Level Annotations

Branches:
Dungeon (3/15)

Altars:


Message History

The sling bullet completely misses the orc.
The orc barely misses you.
You shoot a sling bullet.
The sling bullet closely misses the orc.
The orc closely misses you.
You shoot a sling bullet.
The sling bullet hits the orc but does no damage.
The orc is moderately wounded.
The orc misses you.
You shoot a sling bullet. The sling bullet hits the orc.
The orc is almost dead.
You shoot a sling bullet.
The sling bullet closely misses the orc.
You hear a shout!
You shoot a sling bullet. The sling bullet hits the orc.
The orc is heavily wounded.
The orc hits you with a +2 morningstar of holy wrath.
You shoot a sling bullet. The sling bullet hits the orc!
You kill the orc!
You hear a shout!
The orc hits you but does no damage.
You shoot a sling bullet. The sling bullet hits the orc wizard.
The orc wizard is lightly wounded.
You shoot a sling bullet. The sling bullet hits the orc wizard.
The orc wizard is moderately wounded.
The orc wizard points at you and mumbles some strange words.
The magic dart hits you.
You shoot a sling bullet.
The sling bullet closely misses the orc wizard.
The orc hits you from afar with a +0 trident!
The orc wizard closely misses you. You furiously retaliate!
You headbutt the orc wizard. You shoot a sling bullet.
The sling bullet hits the orc wizard.
The orc wizard is heavily wounded.
The orc closely misses you.
The orc wizard hits you but does no damage.
The orc hits you from afar with a +0 trident!
The orc wizard casts a spell at you. The puff of flame hits you!
You die...

#..# #####..##
##.......#
###...##...### #
............. #o
###...##...# o.
#...>....).#######
..
#.####............
#o #@#
#..######.#.#
...##.##o####..#
#.##.#
#...o.o.......#
#.# ..
####.##......##
#.#### #. ######.#
#..... #. #.#
#.#... #. #.#
#)..### # #..
...#.... #..
###...###


You could see an orc wizard and an orc.

Vanquished Creatures
  Jessica (D:3)
  An adder (D:3)
  A dart slug (D:2)
  An orc (D:3)
  2 bats
  6 endoplasms
  5 giant cockroaches (D:1)
  A hobgoblin (D:1)
  4 jackals (D:2)
  A kobold (D:1)
  3 ball pythons
  A frilled lizard (D:2)
  3 goblins
  6 rats
36 creatures vanquished.

Notes
Turn   | Place    | Note
-------+----------+-------------------------------------------
     0 | D:1      | qw the Minotaur Hexslinger began the quest for the Orb.
     0 | D:1      | Reached XP level 1. HP: 16/16 MP: 1/1
     0 | D:1      | 0 ||| qw: Version: 0.3-a-46-gb1f654a
     0 | D:1      | 0 ||| qw: Game counter: 3191
     0 | D:1      | 0 ||| qw: Melee chars always use a shield: true
     0 | D:1      | 0 ||| qw: God list: Okawaru
     0 | D:1      | 0 ||| qw: Allow faded altars: false
     0 | D:1      | 0 ||| qw: Do Orc after clearing Dungeon:15 true
     0 | D:1      | 0 ||| qw: Do second Lair branch before Depths: true
     0 | D:1      | 0 ||| qw: Lair rune preference: random
     0 | D:1      | 0 ||| qw: Goals: Normal
     0 | D:1      | 0 ||| PLANNING D:1-11
   118 | D:1      | Reached skill level 3 in Ranged Weapons
   118 | D:1      | Reached XP level 2. HP: 23/23 MP: 2/2
   413 | D:1      | 413 ||| UPGRADING to +0 leather armour.
   423 | D:1      | 423 ||| DROPPING +0 robe.
   424 | D:1      | 424 ||| UPGRADING to +0 ring mail.
   434 | D:1      | 434 ||| DROPPING +0 leather armour.
   435 | D:1      | 435 ||| UPGRADING to ring of see invisible.
   436 | D:1      | 436 ||| READING scroll labelled NAVAUW CIQA.
   437 | D:1      | 437 ||| DRINKING 2 coppery potions.
   438 | D:1      | 438 ||| DRINKING 2 fizzy black potions.
   439 | D:1      | 439 ||| DROPPING scroll of poison.
   569 | D:2      | Reached XP level 3. HP: 24/29 MP: 3/3
   649 | D:2      | 649 ||| DRINKING 2 pink potions.
   882 | D:2      | 882 ||| READING scroll labelled YVVAGH ARUPIUSCH.
   950 | D:3      | Noticed Jessica
   954 | D:3      | Killed Jessica
   955 | D:3      | Reached skill level 4 in Ranged Weapons
   966 | D:3      | Reached skill level 1 in Armour
   966 | D:3      | Reached XP level 4. HP: 36/36 MP: 4/4
   976 | D:3      | 976 ||| Stepping ~*~*~tactically~*~*~ (outnumbered).
   981 | D:3      | 981 ||| Stepping ~*~*~tactically~*~*~ (outnumbered).
   991 | D:3      | HP: 8/36 [orc/+0 trident (7)]
   992 | D:3      | HP: 2/36 [orc/+0 trident (7)]
   992 | D:3      | Killed from afar by an orc wizard

Levels and vault maps discovered:
D:1:      ncdulo_wetmaze, layout_rooms
D:2:      layout_basic, feat_on_display
D:3:      layout_loops_ring, serial_shops, nicolae_shop_real_fake_doors,
          palyth_stone_intersect, moated_statue, uniq_jessica

Skill      XL: |  1  2  3 |
---------------+----------+-----
Ranged Weapons | 3 4 |  4.5
Fighting       | 2 |  2.0
Armour         | 1 |  1.0
Dodging        | |  2.1
Spellcasting   | |  1.0
Hexes          | |  2.0

Action                     |  1- 3 |  4- 6 || total
---------------------------+-------+-------++-------
   Fire: Sling             |    86 |    16 ||   102
    Use: Potion            |     3 |       ||     3
         Scroll            |     2 |       ||     2
 Armour: Robe              |     2 |       ||     2
         Ring mail         |     5 |     3 ||     8
  Dodge: Dodged            |    13 |     7 ||    20

Table legend:
 A = Non-vault XP
 B = Vault XP
 C = Vault XP percentage of total XP
 D = Non-vault monster count
 E = Vault monster count
 F = Vault count percentage of total count
                 A         B        C        D         E       F
            +---------+---------+-------+---------+---------+-------
      Total |      72 |      37 |  33.9 |      35 |       1 |   2.8
            +---------+---------+-------+---------+---------+-------
        D:1 |      25 |       0 |   0.0 |      14 |       0 |   0.0
        D:2 |      24 |       0 |   0.0 |      15 |       0 |   0.0
        D:3 |      23 |      37 |  61.7 |       6 |       1 |  14.3
            +---------+---------+-------+---------+---------+-------
